 Dungeon Crawl Stone Soup version 0.28-a0-1485-g077359a4bf (webtiles) character file.

Game seed: 1397260019184820543

3 sanka the Conjurer (level 1, 13/13 HPs)
             Began as a Gnoll Conjurer on Jan 11, 2022.
             Was an Initiate of Gozag.
             Quit the game on level 1 of the Dungeon.
             The game lasted 00:00:28 (137 turns).

sanka the Conjurer (Gnoll Conjurer)                  Turns: 137, Time: 00:00:28

Health: 13/13      AC:  2    Str:  6    XL:     1   Next: 50%
Magic:  5/6        EV: 13    Int: 17    God:    Gozag
Gold:   14         SH:  0    Dex: 10    Spells: 8/9 levels left

rFire   . . .      SeeInvis .   (no weapon)
rCold   . . .      Faith    .   (no shield)
rNeg    . . .      Spirit   .   a - +0 robe
rPois   .          Reflect  .   (no helmet)
rElec   .          Harm     .   (no cloak)
rCorr   .          Rampage  .   (no gloves)
Will    .....                   (no boots)
Stlth   ++........              (no amulet)
HPRegen 0.04/turn               (no ring)
MPRegen 0.10/turn               (no ring)

@: no status effects
A: fangs 1, strong nose, distributed training
a: Renounce Religion, Potion Petition, Call Merchant, Bribe Branch


You were on level 1 of the Dungeon.
You worshipped Gozag.
Gozag was noncommittal.
You visited 1 branch of the dungeon, and saw 1 of its levels.

You collected 14 gold pieces.


Innate Abilities, Weirdness & Mutations

You have very sharp teeth.
Your uncanny sense of smell can sniff out nearby items.
Your experience applies equally to all skills.


   Skills:
 + Level 0.0 Fighting
 + Level 0.0 Short Blades
 + Level 0.0 Long Blades
 + Level 0.0 Axes
 + Level 0.0 Maces & Flails
 + Level 0.0 Polearms
 + Level 0.0 Staves
 + Level 0.0 Slings
 + Level 0.0 Bows
 + Level 0.0 Crossbows
 + Level 0.0 Throwing
 + Level 0.0 Armour
 + Level 4.4 Dodging
 + Level 4.0 Stealth
 + Level 0.0 Shields
 + Level 0.0 Unarmed Combat
 + Level 4.8 Spellcasting
 + Level 7.0 Conjurations
 + Level 0.0 Hexes
 + Level 0.0 Summonings
 + Level 0.0 Necromancy
 + Level 0.0 Translocations
 + Level 0.0 Transmutations
 + Level 0.0 Fire Magic
 + Level 0.0 Ice Magic
 + Level 0.0 Air Magic
 + Level 0.0 Earth Magic
 + Level 0.0 Poison Magic
 + Level 0.1 Invocations
 + Level 0.0 Evocations


You had 8 spell levels left.
You knew the following spells:

 Your Spells              Type           Power      Damage    Failure   Level
z - Magic Dart            Conj           100%       1d8       1%          1

Your spell library contained the following spells:

 Spells                   Type           Power      Damage    Failure   Level
 Searing Ray              Conj           56%        2d6       1%          2
 Dazzling Flash           Conj/Hex       32%        N/A       10%         3
 Fulminant Prism          Conj/Hex       8%         3d7       32%         4
 Iskenderun's Mystic Bla  Conj/Tloc      16%        2d5       32%         4
 Frozen Ramparts          Ice            8%         1d2       38%         3
 Ice Form                 Ice/Tmut       4%         N/A       80%         4
 Summon Ice Beast         Ice/Summ       4%         N/A       80%         4

Inventory:

Armour
 a - a +0 robe (worn)
Potions
 b - a potion of mutation {unknown}

Dungeon Overview and Level Annotations

Branches:
Dungeon (1/15)

Altars:
Gozag

▒▒.▒▒ ▒...▒▒▒▒▒▒
▒.▒ ▒........▒
▒▒▒
▒▒▒▒▒▒...▒▒▒▒▒▒
.▒▒▒▒......▒▒▒.
∆
.........▒▒▒...
...........)....
▒...............
▒▒▒.........▒▒▒.
▒▒▒..g).▒▒▒
▒▒▒▒▒▒▒


There were no monsters in sight!


Message History

Magic restored.
Things that are here:
a +0 club; a goblin corpse
Found 13 bolts.
Found a book of Rime.
You pick up a book of Rime and begin reading...
You add the spells Frozen Ramparts, Ice Form and Summon Ice Beast to your library.
Okay, then.
Found 14 gold pieces.
You now have 14 gold pieces.
Found a ruby potion.
b - a ruby potion A goblin comes into view.
It is wielding a +0 club.
Found a faded altar of an unknown god.
The magic dart hits the goblin.
You kill the goblin!
You can't see any susceptible monsters within range! (Use Z to cast anyway.)
A kobold comes into view. It is wielding a +0 dagger.
A kobold is nearby!
The magic dart hits the kobold.
You kill the kobold!
You can't see any susceptible monsters within range! (Use Z to cast anyway.)
There is a faded altar of an unknown god here.
You cannot tell which god this altar belongs to.
Convert to them anyway?
Okay, then.
You cannot tell which god this altar belongs to.
Convert to them anyway?
Gozag accepts your prayer! Gozag welcomes you!
Gozag waives the service fee.
Are you sure you want to abandon this character and quit the game? (Confirm with "yes".)

Action                   || total
-------------------------++-------
 Cast: Magic Dart        ||     4

Levels and vault maps discovered:
D:1:      ldierk_walled_garden, layout_loops_cross,
          hellmonk_ecumenical_altar_zigzags, minmay_misc_feat_chi

Notes
Turn   | Place    | Note
-------+----------+-------------------------------------------
     0 | D:1      | sanka the Gnoll Conjurer began the quest for the Orb.
     0 | D:1      | Reached XP level 1. HP: 13/13 MP: 6/6
   118 | D:1      | Found a faded altar of an unknown god.
   136 | D:1      | Prayed at the altar of an unknown god.
   136 | D:1      | Became a worshipper of Gozag Ym Sagoz the Greedy
   137 | D:1      | Quit the game

Vanquished Creatures
  2 goblins (D:1)
  A kobold (D:1)
3 creatures vanquished.
